Map: Simulacrum LE

Players

Ratl - Winner!

  • Race: Protoss Protoss
  • League: Silver
  • Spawn Location: 11:00

PanCnCasuela

  • Race: Terran Terran
  • Spawn Location: 5:00

VOD

Have the link to the VOD?

Description

Time

  • Played on: Feb. 16, 2020, 11:27 a.m.
  • Length: 14:18
Show
View Real Time Build Order
Export as new Build Order

Ratl Protoss - Winner!

Build Orders: Archon Immortal 

Get SALT Encoding   

  12  0:00  Probe  
  13  0:13  Probe  
  14  0:18  Pylon  
  14  0:25  Probe  
  15  0:37  Probe (Chrono Boost)  
  15  0:39  Gateway  
  16  0:48  Assimilator  
  16  0:49  Probe (Chrono Boost)  
  17  0:55  Probe (Chrono Boost)  
  18  1:03  Probe  
  19  1:15  Probe  
  20  1:20  Gateway  
  20  1:28  Cybernetics Core  
  20  1:31  Probe  
  21  1:43  Probe  
  22  1:48  Pylon  
  22  1:54  Assimilator  
  22  1:55  Probe  
  23  2:06  Warp Gate  
  23  2:07  Probe, Stalker  
  26  2:19  Probe  
  27  2:32  Probe  
  27  2:33  Nexus  
  28  2:40  Stalker  
  31  2:44  Probe (Chrono Boost)  
  31  2:55  Pylon  
  31  2:57  Pylon  
  31  3:13  Probe, Sentry, Stalker  
  36  3:25  Probe  
  37  3:39  Probe (Chrono Boost), Pylon, Twilight Council  
  38  3:42  Pylon  
  38  3:45  Probe (Chrono Boost)  
  39  3:53  Robotics Facility  
  39  3:55  Probe x2 (Chrono Boost)  
  41  4:00  Probe (Chrono Boost)  
  41  4:01  Probe  
  43  4:12  Probe, Stalker x2  
  43  4:13  Probe  
  49  4:24  Probe  
  50  4:25  Probe  
  51  4:36  Probe  
  51  4:37  Probe  
  53  4:39  Nexus  
  53  4:40  Pylon  
  53  4:48  Probe  
  53  4:50  Probe  
  55  5:00  Probe  
  55  5:02  Probe  
  55  5:04  Assimilator  
  55  5:05  Assimilator  
  57  5:08  Stalker x2  
  57  5:10  Observer  
  57  5:12  Probe  
  57  5:14  Probe  
  64  5:24  Probe  
  64  5:26  Probe  
  66  5:31  Immortal  
  70  5:36  Probe  
  70  5:38  Probe  
  72  5:49  Probe  
  73  5:56  Gateway x2  
  73  5:59  Gateway  
  73  6:01  Gateway  
  73  6:02  Probe (Chrono Boost), Forge  
  73  6:03  Probe x2 (Chrono Boost)  
  76  6:04  Forge  
  76  6:07  Forge  
  76  6:08  Stalker  
  80  6:12  Probe x2 (Chrono Boost)  
  80  6:13  Probe (Chrono Boost)  
  81  6:20  Probe  
  81  6:21  Probe  
  81  6:22  Probe  
  81  6:25  Immortal (Chrono Boost)  
  88  6:32  Probe  
  81  6:33  Probe, Stalker  
  81  6:34  Probe, Stalker  
  71  6:44  Probe  
  71  6:45  Probe  
  54  6:59  Stalker  
  54  7:00  Stalker x5  
  64  7:01  Immortal (Chrono Boost)  
  63  7:23  Probe (Chrono Boost)  
  63  7:27  Probe (Chrono Boost)  
  64  7:33  Probe (Chrono Boost)  
  64  7:35  Nexus  
  64  7:36  Probe (Chrono Boost)  
  66  7:38  Pylon x2  
  66  7:40  Assimilator  
  66  7:42  Probe (Chrono Boost)  
  66  7:43  Probe (Chrono Boost), Protoss Ground Weapons Level 1 (Chrono Boost), Protoss Ground Armor Level 1 (Chrono Boost), Protoss Shields Level 1 (Chrono Boost)  
  68  7:49  Probe  
  69  7:53  Templar Archives  
  69  7:54  Probe  
  70  8:01  Probe  
  70  8:05  Immortal  
  75  8:09  Stalker  
  75  8:10  Probe  
  78  8:13  Probe  
  79  8:22  Probe, Sentry  
  79  8:23  Stalker  
  79  8:25  Probe  
  85  8:28  Assimilator  
  85  8:34  Probe  
  85  8:37  Probe  
  87  8:43  Nexus  
  87  8:47  Probe  
  88  8:48  Probe  
  88  8:49  Probe, Pylon  
  90  8:59  Probe  
  90  9:02  Probe x2  
  93  9:04  Stalker x2  
  97  9:10  Immortal  
  97  9:11  Probe  
  97  9:14  Probe  
  97  9:16  High Templar x4  
  111  9:23  Archon  
  111  9:24  Archon  
  111  9:52  Stalker x3  
  117  9:56  Pylon  
  117  9:57  Pylon  
  117  9:59  Probe  
  119  10:00  Probe x3  
  119  10:06  Pylon  
  121  10:10  Pylon  
  121  10:12  Probe x2, Pylon  
  121  10:13  Pylon  
  123  10:15  Pylon  
  123  10:18  Probe x2  
  125  10:21  Assimilator  
  125  10:22  Pylon  
  125  10:23  Pylon, Assimilator, Stalker x4  
  125  10:24  Probe x2, Stalker  
  125  10:25  High Templar  
  125  10:26  Pylon  
  139  10:29  Pylon  
  139  10:30  Probe  
  139  10:34  Protoss Ground Weapons Level 2 (Chrono Boost), Gateway  
  139  10:35  Gateway  
  140  10:36  Gateway x2  
  140  10:39  Immortal (Chrono Boost), Protoss Ground Armor Level 2 (Chrono Boost)  
  140  10:41  Protoss Shields Level 2 (Chrono Boost)  
  144  10:55  Psionic Storm  
  144  10:59  High Templar x2  
  144  11:00  High Templar x3  
  144  11:01  High Templar  
  144  11:03  Archon  
  144  11:04  Archon  
  156  11:05  Archon  
  136  11:28  Probe  
  136  11:30  Probe  
  138  11:44  Pylon, Photon Cannon  
  138  11:45  Pylon  
  138  11:46  Photon Cannon  
  138  11:47  Photon Cannon  
  138  11:58  Photon Cannon  
  138  12:00  Shield Battery  
  138  12:07  Nexus  
  138  12:27  Immortal  
  138  12:28  Stalker x2  
  138  12:29  Stalker x7  
  160  12:30  Stalker  
  162  12:46  Gateway  
  162  12:47  Gateway  
  162  12:50  Gateway  
  162  12:51  Gateway  
  162  13:07  High Templar x3  
  162  13:08  High Templar x5  
  162  13:11  Stalker x2  
  182  13:12  Archon  
  182  13:13  Archon x2  
  182  13:14  Archon  
Show
View Real Time Build Order
Export as new Build Order

PanCnCasuela Terran 

Build Orders:  

Get SALT Encoding   

  12  0:02  SCV  
  14  0:14  SCV  
  14  0:25  Supply Depot  
  14  0:28  SCV  
  15  0:40  Refinery  
  15  0:47  SCV  
  15  0:49  Barracks  
  16  0:59  SCV  
  17  1:37  Supply Depot  
  17  1:42  Orbital Command  
  17  1:58  Barracks Tech Lab  
  17  2:08  Engineering Bay  
  17  2:13  SCV  
  17  2:14  Refinery  
  18  2:19  Stimpack  
  18  2:20  Marine  
  19  2:25  SCV  
  20  2:35  Barracks  
  20  2:38  SCV, Marine  
  22  2:50  SCV  
  23  2:56  Terran Infantry Weapons Level 1  
  24  3:02  SCV  
  24  3:04  Marauder  
  26  3:14  SCV  
  27  3:24  Supply Depot  
  27  3:25  Barracks Reactor, Marauder  
  29  3:46  Supply Depot, Marauder  
  31  4:03  Marine  
  31  4:04  Marine  
  31  4:05  Command Center  
  33  4:21  Marine x2  
  33  4:22  Combat Shield  
  35  4:39  Marine x2  
  35  4:41  Marauder  
  39  4:57  Marine x2  
  41  5:02  Marauder  
  43  5:15  Marine x2  
  43  5:20  Orbital Command  
  45  5:23  Marauder  
  45  5:24  SCV  
  48  5:36  SCV  
  48  5:37  Factory  
  48  5:41  Concussive Shells  
  49  5:46  SCV  
  49  5:49  SCV  
  51  5:58  SCV  
  51  6:01  SCV  
  53  6:04  Refinery  
  53  6:10  SCV  
  54  6:13  SCV  
  55  6:22  SCV  
  55  6:25  SCV  
  53  6:34  SCV  
  53  6:37  SCV  
  50  6:46  SCV  
  49  6:49  SCV  
  49  6:51  Marine x2  
  52  7:05  Marauder  
  53  7:09  Marine x2  
  43  7:26  Marauder  
  43  7:27  Marine x2  
  43  7:28  SCV  
  48  7:35  Refinery  
  48  7:38  Starport  
  48  7:41  SCV  
  48  7:43  Terran Infantry Armor Level 1  
  49  7:44  Armory  
  49  7:45  Marine x2  
  49  7:47  Marauder  
  53  7:53  SCV  
  54  8:02  Marine  
  54  8:03  Marine  
  54  8:05  SCV, Barracks  
  57  8:09  Marauder  
  59  8:17  SCV  
  60  8:20  Marine x2  
  60  8:21  Starport Reactor  
  62  8:30  Marauder  
  64  8:51  Marauder  
  66  8:56  Sensor Tower  
  66  8:58  Medivac, Viking  
  70  9:11  Marine x2  
  70  9:12  Barracks Reactor  
  70  9:13  Marauder  
  70  9:16  Supply Depot  
  74  9:22  Supply Depot  
  74  9:28  Medivac, Viking  
  74  9:29  Marine x2  
  80  9:37  Terran Infantry Weapons Level 2  
  80  9:40  Supply Depot  
  80  9:47  Marine x2, Supply Depot  
  80  9:49  Marauder  
  84  9:58  Medivac, Viking  
  88  10:05  Marine x2  
  88  10:06  Missile Turret  
  90  10:10  Marauder  
  90  10:13  Missile Turret  
  92  10:22  Supply Depot  
  92  10:32  Marauder  
  94  10:36  Medivac  
  94  10:37  Viking  
  94  10:38  Marine  
  94  10:39  Marine  
  100  10:53  Marauder  
  100  10:56  Marine x2  
  104  11:06  Medivac  
  98  11:14  Marine x2, Marauder  
  68  11:26  Marine x2  
  68  11:32  Marine x2  
  72  11:35  Medivac  
  72  11:36  Medivac, Marauder  
  76  11:44  Marine x2  
  78  11:50  Supply Depot  
  78  11:57  Marauder  
  80  12:02  Marine x2  
  80  12:05  Medivac  
  80  12:06  Medivac  
  80  12:07  Command Center  
  86  12:18  Marauder  
  86  12:20  Marine x2  
  90  12:26  Factory Tech Lab  
  90  12:35  Medivac  
  90  12:36  Medivac  
  94  12:40  Marauder  
  96  12:45  Supply Depot  
  96  12:50  Cyclone  
  99  13:03  Marine x2  
  99  13:05  Medivac  
  103  13:08  Marauder  
  105  13:16  Marine x2  
  107  13:21  Marine x2  
  107  13:23  Cyclone  
  112  13:30  Marauder  
  112  13:33  Marine  
  112  13:34  Marine  
  115  13:39  Marine x2  
  118  13:51  Marine x2, Marauder  
  83  13:56  Marine  
  83  13:57  Marine  
Tags
 
Composition
Archon Immortal
League
Silver
Matchup
PvT
Spawn Locations
Cross Positions
Add a new tag
Caveats
  • Supply blocks, unpowered buildings, or Contaminate may cause inaccurate times.
  • Supply counts are checked every 10 seconds.